 Dungeon Crawl Stone Soup version 0.31-a0-187-gba352fbbf7 (webtiles) character file.

Game seed: 6199005597072383677

41 qw the Shooter (level 3, 0/20 HPs)
             Began as a Deep Elf Hunter on June 22, 2023.
             Slain by a gnoll
             ... wielding a +0 flail
              (6 damage)
             ... on level 2 of the Dungeon.
             The game lasted 00:00:17 (558 turns).

qw the Shooter (Deep Elf Hunter)                     Turns: 558, Time: 00:00:18

Health: 0/20       AC:  5    Str: 10    XL:     3   Next: 32%
Magic:  5/5        EV: 11    Int: 13    God:
Gold:   71         SH:  0    Dex: 18    Spells: 2/2 levels left

rFire   . . .        Y - +1 shortbow
rCold   . . .        (shield currently unavailable)
rNeg    . . .        l - +0 ring mail
rPois   .            (no helmet)
rElec   .            (no cloak)
rCorr   .            (no gloves)
SInv    .            (no boots)
Will    .....        (no amulet)
Stlth   +            (no ring)
HPRegen 0.23/turn    (no ring)
MPRegen 0.09/turn

%: no passive effects
@: no status effects
A: no striking features
a: no special abilities


You were on level 2 of the Dungeon.
You visited 1 branch of the dungeon, and saw 2 of its levels.

You collected 71 gold pieces.


   Skills:
 - Level 1.5 Fighting
 + Level 6.9 Ranged Weapons
 - Level 2.4 Dodging
 - Level 1.2 Stealth


You had 2 spell levels left.
You didn't know any spells.
Your spell library was empty.

Inventory:

Hand Weapons
 Y - a +1 shortbow (weapon)
Armour
 l - a +0 ring mail (worn)
Potions
 e - a potion of magic {unknown}
 f - a potion of might
 h - a potion of mutation {unknown}
 i - a potion of attraction {unknown}

Dungeon Overview and Level Annotations

Branches:
Dungeon (2/15)

Altars:


Message History

You kill the rat!
You see here a rat corpse.
Found a stone staircase leading down.
You see here a worm corpse.
You see here an adder corpse.
You see here a +0 club.
A gnoll comes into view. It is wielding a +0 spear.
You shoot an arrow. The arrow hits the gnoll!
The gnoll shouts!
The gnoll is severely wounded.
You hear a shout!
You shoot an arrow. The arrow barely misses the gnoll.
A gnoll comes into view. It is wielding a +0 flail.
You shoot an arrow. The gnoll shouts!
The arrow hits the gnoll.
You kill the gnoll!
A gnoll comes into view. It is wielding a +0 whip.
The gnoll moves out of view.
You shoot an arrow.
The arrow hits the gnoll but does no damage.
You shoot an arrow.
The arrow hits the gnoll but does no damage.
You shoot an arrow. The arrow closely misses the gnoll.
The arrow hits the gnoll.
The gnoll is lightly wounded.
You shoot an arrow. The arrow hits the gnoll.
The gnoll is heavily wounded.
You shoot an arrow. The arrow hits the gnoll.
The gnoll is severely wounded.
The gnoll hits you with a +0 flail!
Ouch! That really hurt!
The gnoll barely misses you.
You shoot an arrow. The arrow barely misses the gnoll.
The gnoll hits you with a +0 flail. The gnoll misses you.
You shoot an arrow. The arrow closely misses the gnoll.
The gnoll closely misses you. The gnoll hits you with a +0 whip.
You shoot an arrow. The arrow closely misses the gnoll.
The gnoll hits you with a +0 flail.
You die...

...##.#
#.#..# #...##
#....##
#######..#..#
#.......###.#
#......##
#.###
#......#
#...#####
#......##
###...@g#
))......>..
#####g..#
%#.........
##..).#
##..........
##.#
.#..........
.
............
..........#
#.#######.
#.#


You could see 2 gnolls.

Vanquished Creatures
  An adder (D:2)
  A gnoll (D:2)
  A worm (D:2)
  A bat (D:2)
  2 endoplasms
  3 giant cockroaches
  A hobgoblin (D:1)
  3 ball pythons (D:1)
  5 frilled lizards
  2 goblins
  A kobold (D:1)
  2 rats
23 creatures vanquished.

Notes
Turn   | Place    | Note
-------+----------+-------------------------------------------
     0 | D:1      | qw the Deep Elf Hunter began the quest for the Orb.
     0 | D:1      | Reached XP level 1. HP: 12/12 MP: 3/3
     0 | D:1      | 0 ||| qw: Version: 0.3-a-9-g12657ce
     0 | D:1      | 0 ||| qw: Game counter: 2270
     0 | D:1      | 0 ||| qw: Always use a shield: true
     0 | D:1      | 0 ||| qw: God list: Okawaru
     0 | D:1      | 0 ||| qw: Allow faded altars: false
     0 | D:1      | 0 ||| qw: Do Orc after D:15 true
     0 | D:1      | 0 ||| qw: Do second Lair branch before Depths: true
     0 | D:1      | 0 ||| qw: Lair rune preference: random
     0 | D:1      | 0 ||| qw: Plans: Normal
     0 | D:1      | 0 ||| PLANNING D:1-11
   145 | D:1      | Reached XP level 2. HP: 16/16 MP: 4/4
   149 | D:1      | Reached skill level 6 in Ranged Weapons
   412 | D:1      | 412 ||| UPGRADING to +0 scale mail.
   422 | D:1      | 422 ||| DROPPING +0 leather armour.
   423 | D:1      | 423 ||| UPGRADING to +0 ring mail.
   433 | D:1      | 433 ||| DROPPING +0 scale mail.
   434 | D:1      | 434 ||| READING scroll labelled GOULE VIMNORCH.
   435 | D:1      | 435 ||| READING scroll labelled NOITOTA XOUNWACW.
   436 | D:1      | 436 ||| READING scroll labelled BOIFIOFREK.
   437 | D:1      | 437 ||| DRINKING 2 sapphire potions.
   438 | D:1      | 438 ||| DROPPING scroll of butterflies.
   467 | D:2      | 467 ||| STAIRDANCE
   511 | D:2      | Reached XP level 3. HP: 20/20 MP: 5/5
   558 | D:2      | Slain by a gnoll

Levels and vault maps discovered:
D:1:      kennysheep_arrival_forest, layout_basic
D:2:      layout_rooms

Skill      XL: |  1  2 |
---------------+-------+-----
Ranged Weapons | 6 |  6.9
Fighting       | |  1.5
Dodging        | |  2.4
Stealth        | |  1.2

Action                     || total
---------------------------++-------
   Fire: Shortbow          ||    61
    Use: Scroll            ||     3
         Potion            ||     1
 Armour: Ring mail         ||     3
  Dodge: Dodged            ||    13

Table legend:
 A = Non-vault XP
 B = Vault XP
 C = Vault XP percentage of total XP
 D = Non-vault monster count
 E = Vault monster count
 F = Vault count percentage of total count
                 A         B        C        D         E       F
            +---------+---------+-------+---------+---------+-------
      Total |      59 |       0 |   0.0 |      23 |       0 |   0.0
            +---------+---------+-------+---------+---------+-------
        D:1 |      18 |       0 |   0.0 |      14 |       0 |   0.0
        D:2 |      41 |       0 |   0.0 |       9 |       0 |   0.0
            +---------+---------+-------+---------+---------+-------
